 Dungeon Crawl Stone Soup version 0.20-a0-1124-g2e29d97 (webtiles) character file.

7247 inmateoo the Grappler (level 10, 0/77 HPs)
             Began as a Demonspawn Fighter on May 16, 2017.
             Was a Believer of Cheibriados.
             Slain by a deep troll (8 damage)
             ... on level 9 of the Dungeon.
             The game lasted 00:13:44 (9320 turns).

inmateoo the Grappler (Demonspawn Fighter)          Turns: 9320, Time: 00:13:45

Health: 0/77       AC: 15    Str: 30    XL:     10   Next: 88%
Magic:  0/14       EV: 13    Int: 13    God:    Cheibriados [**....]
Gold:   496        SH: 11    Dex: 25    Spells: 8/9 levels left

rFire    . . .     SeeInvis .     - Unarmed
rCold    + . .     Gourm    .   b - +0 shield
rNeg     . . .     Faith    .   a - +0 scale mail
rPois    +         Spirit   +   q - +0 helmet (curse)
rElec    .         Reflect  .   r - +2 cloak {+Inv}
rCorr    .         Harm     .   y - +2 pair of gloves
MR       .....                  (no boots)
Stlth    +++.......             B - amulet of regeneration
Regen    0.7/turn               t - +3 ring of dexterity
MPRegen  0.2/turn               x - ring of poison resistance

@: mighty, very slow
A: talons 2, thin skeletal structure 3, cold resistance 1, nightstalker 1, magic
shield
a: Bend Time, Renounce Religion, Evoke Invisibility


You were on level 9 of the Dungeon.
You worshipped Cheibriados.
Cheibriados was pleased with you.
You were not hungry.

You visited 2 branches of the dungeon, and saw 10 of its levels.

You collected 496 gold pieces.

Inventory:

Armour
 a - a +0 scale mail (worn)
 b - a +0 shield (worn)
 q - a cursed +0 helmet (worn)
 r - a +2 cloak of invisibility (worn)
 y - a +2 pair of gloves (worn)
Jewellery
 t - a +3 ring of dexterity (left hand)
 x - a ring of poison resistance (right hand)
 B - an amulet of regeneration (around neck)
Wands
 i - a wand of polymorph (17/24)
 m - a wand of lightning (3/15)
 u - a wand of iceblast (7/15)
 w - a wand of disintegration (15/24)
 z - a wand of flame (29/48)
 D - a wand of confusion (33/48)
Scrolls
 e - a scroll of identify
 j - 4 scrolls of remove curse
 k - 3 scrolls of fear
 E - a scroll of enchant weapon
Potions
 h - a potion of cancellation
 n - 3 potions of brilliance
 o - 2 potions of heal wounds
 p - a potion of flight
 v - a potion of ambrosia
 C - a potion of lignification
Books
 s - a book of Party Tricks

   Spells                             Type                      Level
   a - Summon Butterflies             Summoning                    1
   b - Apportation                    Translocation                1
   c - Lesser Beckoning               Translocation                3
   d - Tukima's Dance                 Hexes                        3
   e - Alistair's Intoxication        Transmutation/Poison         5
   f - Invisibility                   Hexes                        6
 A - a book of Clouds

   Spells                             Type                      Level
   a - Poisonous Vapours              Poison/Air                   2
   b - Mephitic Cloud                 Conjuration/Poison/Air       3
   c - Conjure Flame                  Conjuration/Fire             3
   d - Freezing Cloud                 Conjuration/Ice/Air          6
   e - Ring of Flames                 Charms/Fire                  7
Comestibles
 d - 8 bread rations
 f - 4 meat rations
 g - 2 royal jellies
 l - 5 fruits


   Skills:
 + Level 6.8 Fighting
 + Level 6.2 Armour
 + Level 5.3 Dodging
 - Level 2.6 Shields
 + Level 11.2 Unarmed Combat
 + Level 6.1 Invocations


You had 8 spell levels left.
You knew the following spells:

 Your Spells              Type           Power        Failure   Level  Hunger
a - Apportation           Tloc           #.....       96%         1    ##.....


Dungeon Overview and Level Annotations

Branches:
Dungeon (9/15)             Temple (1/1) D:7
   Lair: D:8-11         Orc: D:9-12

Altars:
Ashenzari
Cheibriados
Dithmenos
Elyvilon
Gozag
Hepliaklqana
Kikubaaqudgha
Makhleb
Okawaru
Qazlal
Ru
Trog
Uskayaw
Vehumet
Wu Jian
Xom
Yredelemnul

Shops:
D:8 [


Innate Abilities, Weirdness & Mutations

You have razor-sharp toenails.
You have an unnaturally thin skeletal structure. (Dex +6, Stealth++)
Your flesh is cold resistant. (rC+)
You are slightly more attuned to the shadows.
When hurt, damage is shared between your health and your magic reserves.


Message History

Cheibriados appreciates the change of pace.
Your Armour skill increases to level 6!
Your Dodging skill increases to level 5!
Your Invocations skill increases to level 6!
You hit the deep troll but do no damage.
You claw the deep troll!
The deep troll is lightly wounded.
The deep troll bites you!
* * * LOW HITPOINT WARNING * * *
You block the deep troll's attack.
The deep troll claws you but does no damage.
You pummel the deep troll!! You claw the deep troll!
The deep troll is severely wounded.
The deep troll bites you!
* * * LOW HITPOINT WARNING * * *
You block the deep troll's attack. x2
You closely miss the deep troll. Your kick misses the deep troll.
The deep troll is severely wounded.
The deep troll bites you!
You die...

.######+#####.....#
............#.##..#
............#.##..#
............#.##..#
............#.##..########
#####....................#
....#........##########..#
....'....... #..#8.#†.#..#
....#........#..@.8'..#..#
....#........##T####'##..#
....#........#.$ #..#..#
....#........#.. #(.#..#
<...#........#######'##..#
....#........#..'..'..#..#
....#........'..#..#..#..#
....########.##########..#
..##########.............#


You could see a deep troll.

Vanquished Creatures
  A frost giant (D:9)
  A stone giant (D:9)
  Erica (D:9)
  Pikel (D:7)
  A mana viper (shapeshifter) (D:9)
  A troll (D:9)
  A hippogriff (D:9)
  A basilisk (D:9)
  A water moccasin (D:4)
  An orc warrior (D:9)
  2 ogres
  A black bear (D:9)
  2 necrophages (D:9)
  A centaur (D:5)
  5 bullfrogs
  A wyvern skeleton (D:7)
  4 scorpions
  4 wights
  A water moccasin skeleton (D:5)
  2 jellies
  2 howler monkeys
  4 crimson imps
  2 quasits
  5 hounds
  5 orc priests
  Crazy Yiuf (D:7)
  8 orc wizards
  A centaur skeleton (D:5)
  Terence (D:3)
  An iguana (D:4)
  A bullfrog skeleton (D:4)
  Natasha (thrice) (D:3)
  3 worker ants
  2 hound zombies
  Robin (D:3)
  8 gnolls
  12 adders
  2 shadow imps
  An adder skeleton (D:9)
  An adder zombie (D:6)
  5 worms (D:2)
  5 dart slugs
  5 leopard geckos
  10 orcs
  6 giant cockroaches
  17 goblins
  8 hobgoblins
  3 jackals (D:1)
  8 kobolds
  3 quokkas
  9 bats
  2 frilled lizards (D:1)
  A leopard gecko skeleton (D:6)
  A leopard gecko zombie (D:6)
  5 rats
185 creatures vanquished.

Vanquished Creatures (others)
  A centaur zombie (D:9)
  An orc (D:7)
2 creatures vanquished.

Grand Total: 187 creatures vanquished

Notes
Turn   | Place    | Note
-------+----------+-------------------------------------------
     0 | D:1      | inmateoo the Demonspawn Fighter began the quest for the Orb.
     0 | D:1      | Reached XP level 1. HP: 18/18 MP: 1/1
    18 | D:1      | Reached skill level 2 in Unarmed Combat
   118 | D:1      | Gained mutation: You are slightly more attuned to the shadows. [demonic ancestry]
   118 | D:1      | Reached XP level 2. HP: 24/24 MP: 2/2
   654 | D:1      | Reached skill level 3 in Unarmed Combat
   901 | D:2      | Gained mutation: You have a somewhat thin skeletal structure. (Dex +2, Stealth) [demonic ancestry]
   901 | D:2      | Reached XP level 3. HP: 12/29 MP: 3/3
  1329 | D:2      | Found a shadowy altar of Dithmenos.
  1330 | D:2      | Found a hide-covered altar of Uskayaw.
  1690 | D:2      | Gained mutation: You have sharp toenails. [demonic ancestry]
  1690 | D:2      | Reached XP level 4. HP: 15/35 MP: 4/4
  1706 | D:2      | Reached skill level 4 in Unarmed Combat
  2391 | D:3      | Noticed Terence
  2813 | D:3      | Noticed Robin
  2825 | D:3      | Killed Robin
  2843 | D:3      | Noticed Natasha
  2867 | D:3      | Killed Natasha
  2867 | D:3      | Gained mutation: When hurt, damage is shared between your health and your magic reserves. [demonic ancestry]
  2867 | D:3      | Reached XP level 5. HP: 11/41 MP: 5/5
  3170 | D:3      | Reached skill level 5 in Unarmed Combat
  3194 | D:3      | Killed Terence
  3370 | D:3      | Noticed Natasha
  3382 | D:3      | Killed Natasha
  3382 | D:3      | Gained mutation: You have razor-sharp toenails. [demonic ancestry]
  3382 | D:3      | Reached XP level 6. HP: 47/47 MP: 6/6
  3472 | D:3      | Reached skill level 6 in Unarmed Combat
  3533 | D:3      | Noticed Natasha
  3540 | D:3      | Killed Natasha
  4217 | D:4      | Noticed a water moccasin
  4475 | D:4      | Killed a water moccasin
  4475 | D:4      | Reached skill level 7 in Unarmed Combat
  4475 | D:4      | Reached XP level 7. HP: 41/52 MP: 4/7
  4965 | D:5      | Entered Level 5 of the Dungeon
  5108 | D:5      | Reached skill level 8 in Unarmed Combat
  5296 | D:5      | Gained mutation: You have a moderately thin skeletal structure. (Dex +4, Stealth+) [demonic ancestry]
  5296 | D:5      | Reached XP level 8. HP: 55/58 MP: 5/8
  5936 | D:6      | Reached skill level 9 in Unarmed Combat
  6577 | D:6      | Reached skill level 1 in Dodging
  6774 | D:6      | Reached skill level 10 in Unarmed Combat
  7270 | D:7      | Noticed Pikel
  7290 | D:7      | Killed Pikel
  7290 | D:7      | Gained mutation: You have an unnaturally thin skeletal structure. (Dex +6, Stealth++) [demonic ancestry]
  7290 | D:7      | Reached XP level 9. HP: 55/65 MP: 6/9
  7428 | D:7      | Found a staircase to the Ecumenical Temple.
  7518 | Temple   | Entered the Ecumenical Temple
  7591 | Temple   | Became a worshipper of Cheibriados the Contemplative
  7753 | D:7      | Found a runed door.
  7757 | D:7      | Noticed Crazy Yiuf
  7766 | D:7      | Killed Crazy Yiuf
  8052 | D:7      | Reached skill level 1 in Invocations
  8089 | D:8      | Found Gesoer's Armour Shoppe.
  8138 | D:8      | Reached * piety under Cheibriados
  8223 | D:8      | Learned a level 1 spell: Apportation
  8286 | D:8      | Reached skill level 5 in Fighting
  8555 | D:9      | Noticed a troll
  8564 | D:9      | Killed a troll
  8658 | D:9      | Noticed Erica
  8682 | D:9      | Killed Erica
  8682 | D:9      | Reached skill level 5 in Armour
  8682 | D:9      | Gained mutation: Your flesh is cold resistant. (rC+) [demonic ancestry]
  8682 | D:9      | Reached XP level 10. HP: 16/76 MP: 2/12
  9081 | D:9      | Found a runed door.
  9081 | D:9      | Noticed a mana viper
  9096 | D:9      | Killed a mana viper
  9171 | D:9      | Noticed a stone giant
  9190 | D:9      | Killed a stone giant
  9190 | D:9      | Reached skill level 5 in Invocations
  9291 | D:9      | Reached ** piety under Cheibriados
  9308 | D:9      | Noticed a frost giant
  9309 | D:9      | Reached skill level 11 in Unarmed Combat
  9310 | D:9      | Noticed a deep troll
  9317 | D:9      | Killed a frost giant
  9317 | D:9      | Reached skill level 5 in Dodging
  9320 | D:9      | Slain by a deep troll

Vault maps used:
D:1:      dpeg_arrival_rhombus, minmay_misc_feat_diagonals
D:2:      chequers_temple_overflow_statue_of_worship, st_stairs_1
D:3:      uniq_robin, uniq_terence, uniq_natasha
D:4:      first_bread
D:7:      temple_fountains, minmay_misc_feat_enclosed, uniq_crazy_yiuf_cottage,
          uniq_pikel
D:8:      serial_shops, shop
D:9:      serial_undead, serial_undead_b, serial_undead_e, serial_undead_c,
          serial_undead_c, serial_undead_d, serial_undead_b, serial_undead_f,
          minivault_13, uniq_erica, uniq_joseph
Temple:   regret_index_temple_chain_breaker

Skill      XL: |  1  2  3  4  5  6  7  8  9 10 |
---------------+-------------------------------+-----
Unarmed Combat | 2 3 4 5 7 8 10 11 | 11.2
Dodging        | 2 4 5 |  5.3
Armour         | 3 5 6 |  6.2
Fighting       | 4 5 6 |  6.8
Invocations    | 3 6 |  6.1
Shields        | |  2.6

Action                   |  1- 3 |  4- 6 |  7- 9 | 10-12 || total
-------------------------+-------+-------+-------+-------++-------
Melee: Unarmed           |   169 |   267 |   351 |    90 ||   877
       Kick              |       |    73 |   148 |    51 ||   272
Evoke: Wand              |       |     4 |       |       ||     4
  Use: Scroll            |     5 |     5 |    10 |       ||    20
       Potion            |       |     4 |     1 |     1 ||     6
 Stab: Sleeping          |       |     1 |     8 |     3 ||    12
  Eat: Chunk             |     2 |     9 |    12 |     1 ||    24
       Fruit             |       |       |     2 |       ||     2
Armor: Scale mail        |    60 |   129 |   127 |    32 ||   348
       Skin              |       |     6 |    10 |       ||    16
Dodge: Dodged            |    50 |    78 |    99 |    34 ||   261
Block: Shield            |    75 |   119 |   158 |    47 ||   399
